 Dungeon Crawl Stone Soup version 0.24-a0-809-g71cb82d (webtiles) character file.

Game seed: 17394692280116632506, levelgen mode: deterministic

7014 2tousent the Frost Mage (level 11, 0/77 (79) HPs)
             Began as a Barachi Ice Elementalist on Oct 10, 2019.
             Was a Follower of Ru.
             Slain by a red ugly thing (2 damage)
             ... on level 11 of the Dungeon.
             The game lasted 00:54:55 (10681 turns).

2tousent the Frost Mage (Barachi Ice Elementalist) Turns: 10681, Time: 00:54:56

HP:   0/77 (79)     AC:  6    Str:  9    XL:     11   Next: 8%
MP:   24/31         EV: 15    Int: 18    God:    Ru [*.....]
Gold: 478           SH:  0    Dex: 18    Spells: 17/24 levels left

rFire    . . .     SeeInvis .   t - staff of wizardry
rCold    . . .     Gourm    .   (no shield)
rNeg     . . .     Faith    .   a - +0 robe
rPois    +         Spirit   .   y - +0 helmet
rElec    +         Reflect  .   s - +2 cloak
rCorr    .         Harm     .   (no gloves)
MR       +....                  (no boots)
Stlth    +.........             f - amulet of magic regeneration
HPRegen  0.22/turn              j - ring of wizardry
MPRegen  0.47/turn              A - ring "Deghaa" {rElec rPois MR+ MP+9 Dex+4 Stlth-}

@: can't hop, slow
A: +LOS, swims, slowness 1, inability to train armour, strong legs 1
a: Hop, Renounce Religion


You were on level 11 of the Dungeon.
You worshipped Ru.
Ru was aware of your devotion.
You were hungry.

You visited 2 branches of the dungeon, and saw 12 of its levels.

You collected 478 gold pieces.

Inventory:

Hand Weapons
 o - a +1 vampiric dagger
Armour
 a - a +0 robe (worn)
 s - a +2 cloak (worn)
 y - a +0 helmet (worn)
Magical Staves
 t - an uncursed staff of wizardry (weapon)
Jewellery
 f - an amulet of magic regeneration (around neck)
 j - a ring of wizardry (left hand)
 q - an uncursed ring of see invisible
 z - an uncursed ring of magical power
 A - the ring "Deghaa" (right hand) {rElec rPois MR+ MP+9 Dex+4 Stlth-}
   (You took it off an orc on level 7 of the Dungeon)

   [ring of attention]

   It affects your dexterity (+4).
   It insulates you from electricity.
   It protects you from poison.
   It affects your resistance to hostile enchantments.
   It affects your magic capacity (+9).
   It makes you less stealthy.
 E - a +6 ring of intelligence {unknown}
Wands
 g - a wand of random effects (17)
 u - a wand of flame (11)
 w - a wand of iceblast (22)
 C - a wand of polymorph (10)
 D - a wand of enslavement (1)
Scrolls
 b - 2 scrolls of immolation
 e - 7 scrolls of remove curse
 h - 5 scrolls of identify
 k - 3 scrolls of enchant armour {unknown}
 r - a scroll of enchant weapon {unknown}
 v - a scroll of amnesia
Potions
 i - 2 potions of heal wounds
 l - 2 potions of agility
 m - 6 potions of curing
 n - 2 potions of resistance
 p - a potion of lignification {unknown}
 x - a potion of mutation {unknown}
 B - a potion of flight {unknown}
Comestibles
 c - 12 rations


   Skills:
 - Level 5.0 Fighting
 - Level 5.0 Dodging
 - Level 1.7 Stealth
 + Level 7.3 Spellcasting
 * Level 10.6 Conjurations
 * Level 12.1 Ice Magic


You had 17 spell levels left.
You knew the following spells:

 Your Spells              Type           Power        Failure   Level  Hunger
a - Freeze                Ice            ####         1%          1    None
b - Throw Frost           Conj/Ice       #####.       1%          2    None
c - Throw Icicle          Conj/Ice       #####...     1%          4    ###....

Your spell library contained the following spells:

 Spells                   Type           Power        Failure   Level  Hunger
 Ozocubu's Armour         Chrm/Ice       ####....     1%          3    #......
 Summon Ice Beast         Ice/Summ       ####....     2%          4    ###....
 Animate Skeleton         Necr           N/A          3%          1    None
 Pain                     Necr           #...         3%          1    None
 Regeneration             Chrm/Necr      #.........   9%          3    #......
 Vampiric Draining        Necr           #.........   9%          3    #......
 Animate Dead             Necr           N/A          26%         4    ###....


Dungeon Overview and Level Annotations

Branches:
Dungeon (12/15)            Temple (1/1) D:7             Orc (0/2) D:12
   Lair: D:8-11

Altars:
Ashenzari
Cheibriados
Dithmenos
Elyvilon
Fedhas
Gozag
Hepliaklqana
Kikubaaqudgha
Nemelex Xobeh
Okawaru
Ru
Sif Muna
Uskayaw
Vehumet
Wu Jian
Yredelemnul
Zin
The Shining One
Beogh

Shops:
D:5 [?[

Annotations:
D:3 2 transporters, 3 runed translucent doors, GekoRoach's ghost, weakling MiBe; Menkaure
D:11 Erolcha
D:12 Kirke


Innate Abilities, Weirdness & Mutations

Shadows flee at your approach. (+LOS)
You can swim through water.
You cover ground slowly.
You cannot train Armour skill.
You can hop short distances.


Message History

Aiming: Throw Icicle (safe; 1% risk of failure)
Press: ? - help, Shift-Dir - straight line, f - red ugly thing
Aim: a red ugly thing The shard of ice hits the red ugly thing!!
The red ugly thing is moderately wounded.
The hound bites you.
* * * LOW HITPOINT WARNING * * *
The hound barely misses you. The red ugly thing kicks you.
* * * LOW HITPOINT WARNING * * *
You are engulfed in flames!
* * * LOW HITPOINT WARNING * * *
Casting: Throw Icicle (safe; 1% risk of failure)
Confirm with . or Enter, or press ? or * to list all spells.
Aiming: Throw Icicle (safe; 1% risk of failure)
Press: ? - help, Shift-Dir - straight line, f/p - red ugly thing
Aim: a red ugly thing (moderately wounded)
The shard of ice hits the red ugly thing!
The red ugly thing is heavily wounded.
The hound misses you. The red ugly thing kicks you.
You die...

#.................
##
#...<............
#. #.............#
##
#..........o..#.#
#
#........oYZS...#
##########tT#..##
##O# #h#####....
#@ur.?.....
######./... ..


You could see a red ugly thing, Erolcha, a yak, a troll, a crocodile, a hound,
an adder, an orc, a quokka and a wyvern skeleton.

Vanquished Creatures
  A hydra (D:11)
  A two-headed ogre (D:6)
  An unseen horror (D:11)
  Pikel (D:6)
  A hornet (D:12)
  A wraith (D:12)
  A vampire mosquito (D:11)
  A hungry ghost (D:12)
  A porcupine (D:11)
  5 orc warriors
  2 phantoms
  3 slaves (D:6)
  A black bear (D:12)
  4 necrophages
  An eye of draining (D:12)
  2 centaurs
  2 ogres
  A crocodile (D:12)
  A big kobold (D:12)
  4 bullfrogs
  3 scorpions
  5 wights
  A howler monkey (D:5)
  3 bullfrog zombies
  4 crimson imps
  A jelly (D:7)
  A quasit (D:8)
  Crazy Yiuf (D:6)
  4 hounds
  2 human zombies (D:8)
  10 orc priests
  A bullfrog skeleton (D:11)
  An iguana (D:3)
  Terence (D:3)
  15 orc wizards
  6 worker ants
  A mummy (D:8)
  A worker ant zombie (D:5)
  7 gnolls
  10 adders
  An ooze (D:3)
  3 adder zombies (D:5)
  A worm (D:4)
  3 dart slugs
  3 leopard geckos
  44 orcs
  4 giant cockroaches
  8 goblins
  7 hobgoblins
  4 jackals
  5 kobolds
  3 quokkas
  7 bats
  4 frilled lizards
  2 jackal skeletons
  2 leopard gecko skeletons (D:4)
  A quokka zombie (D:7)
  6 rats
221 creatures vanquished.

Vanquished Creatures (others)
  4 goblins (D:7)
4 creatures vanquished.

Grand Total: 225 creatures vanquished

Notes
Turn   | Place    | Note
-------+----------+-------------------------------------------
     0 | D:1      | 2tousent the Barachi Ice Elementalist began the quest for
                  | the Orb.
     0 | D:1      | Reached XP level 1. HP: 13/13 MP: 3/3
    66 | D:1      | You fall into a shaft and drop 1 floor!
   215 | D:1      | Reached skill level 4 in Ice Magic
   215 | D:1      | Reached XP level 2. HP: 12/19 MP: 0/5
   370 | D:1      | Learned a level 2 spell: Throw Frost
   535 | D:1      | Reached XP level 3. HP: 24/24 MP: 0/6
  1068 | D:2      | Found an ornate altar of the Wu Jian Council.
  1164 | D:2      | Reached XP level 4. HP: 30/30 MP: 1/8
  1186 | D:2      | Learned a level 4 spell: Throw Icicle
  1537 | D:2      | Reached skill level 5 in Ice Magic
  1749 | D:3      | Reached XP level 5. HP: 28/35 MP: 5/9
  1750 | D:3      | Found a transporter.
  1798 | D:3      | Found an ancient bone altar of Kikubaaqudgha.
  1834 | D:3      | Found a basalt altar of Yredelemnul.
  1836 | D:3      | Noticed Menkaure
  1866 | D:3      | Noticed Terence
  1877 | D:3      | Killed Terence
  2221 | D:3      | Found a transporter.
  2312 | D:3      | Found a runed translucent gate.
  2312 | D:3      | Found a runed translucent gate.
  2312 | D:3      | Found a runed translucent gate.
  2313 | D:3      | Noticed GekoRoach's ghost (weakling MiBe)
  2370 | D:3      | Found an iron altar of Okawaru.
  2434 | D:3      | Reached XP level 6. HP: 41/41 MP: 4/11
  2717 | D:4      | Reached skill level 6 in Ice Magic
  3434 | D:4      | Found an opulent altar of Gozag.
  3448 | D:4      | Reached XP level 7. HP: 46/46 MP: 4/12
  3616 | D:4      | Found a blossoming altar of Fedhas.
  3650 | D:4      | Reached skill level 5 in Conjurations
  3780 | D:4      | Reached skill level 7 in Ice Magic
  4062 | D:4      | Reached skill level 1 in Fighting
  4350 | D:5      | Entered Level 5 of the Dungeon
  4382 | D:5      | Found Biamaun's Armour Emporium.
  4528 | D:5      | Reached XP level 8. HP: 50/54 MP: 9/14
  4540 | D:5      | Found Nelygu's Magic Scroll Shop.
  5246 | D:5      | Found Otigov's Antique Armour Shoppe.
  5750 | D:6      | Reached skill level 8 in Ice Magic
  5777 | D:6      | Found a radiant altar of Vehumet.
  5870 | D:6      | Noticed a two-headed ogre
  5876 | D:6      | Killed a two-headed ogre
  5876 | D:6      | Reached skill level 5 in Spellcasting
  5876 | D:6      | Reached XP level 9. HP: 9/65 MP: 0/16
  5960 | D:6      | Reached skill level 9 in Ice Magic
  6336 | D:6      | Found a runed translucent door.
  6337 | D:6      | Noticed Crazy Yiuf
  6342 | D:6      | Killed Crazy Yiuf
  6733 | D:6      | Found a shadowy altar of Dithmenos.
  6857 | D:7      | Found a staircase to the Ecumenical Temple.
  6858 | D:7      | Noticed Pikel
  7292 | D:6      | Killed Pikel
  7342 | Temple   | Entered the Ecumenical Temple
  7482 | Temple   | Became a worshipper of Ru the Awakened
  7925 | D:8      | Reached skill level 5 in Dodging
  7994 | D:8      | Reached skill level 10 in Ice Magic
  8132 | D:8      | Reached skill level 5 in Fighting
  8132 | D:8      | Reached XP level 10. HP: 74/74 MP: 18/19
  8309 | D:8      | Found a roughly hewn altar of Beogh.
  8603 | D:8      | Found a hide-covered altar of Uskayaw.
  8652 | D:8      | Identified the ring "Deghaa" {rElec rPois MR+ MP+9 Dex+4
                  | Stlth-}
  8746 | D:7      | Gained mutation: You cannot train Armour skill. [Ru
                  | sacrifice]
  8746 | D:7      | Reached * piety under Ru
  9002 | D:8      | You fall into a shaft and drop 3 floors!
  9026 | D:10     | Entered Level 10 of the Dungeon
  9028 | D:10     | Noticed Erolcha
  9167 | D:11     | Noticed an unseen horror
  9172 | D:11     | Killed an unseen horror
  9172 | D:11     | Reached skill level 11 in Ice Magic
  9222 | D:11     | Noticed a four-headed hydra
  9227 | D:11     | Killed a four-headed hydra
  9227 | D:11     | Reached skill level 10 in Conjurations
  9643 | D:12     | Found a staircase to the Orcish Mines.
  9772 | D:12     | Noticed a cyclops
 10030 | D:12     | Reached XP level 11. HP: 66/77 MP: 18/21
 10096 | D:12     | Noticed a two-headed ogre
 10332 | D:12     | Noticed a white ugly thing
 10333 | D:12     | Reached skill level 12 in Ice Magic
 10354 | D:12     | Noticed Kirke
 10677 | D:11     | Noticed a red ugly thing
 10680 | D:11     | HP: 2/77 [red ugly thing (16)]
 10681 | D:11     | Slain by a red ugly thing

Levels and vault maps discovered:
D:1:      saegor_arrival_under_anarchy, layout_loops_ring
D:2:      layout_basic, nicolae_overflow_crystal_walls
D:3:      layout_rooms, gammafunk_temple_of_torment, okawaru_trees_2,
          ebering_ghost_rock_garden, uniq_terence
D:4:      layout_loops_cross, grunt_gozag_statues, first_ration, fedhas_altar_4
D:5:      layout_basic, serial_shops, kennysheep_mini_moat,
          nicolae_shop_crystal, shop
D:6:      layout_basic, lemuel_doored_altar, overflow_temple_1_default,
          minivault_25, minmay_a_box_with_orc_wizards_in_it,
          uniq_crazy_yiuf_cottage
D:7:      layout_basic, minmay_temple_entry_statues_fountains, enter_bailey_3,
          uniq_menkaure, uniq_pikel
D:8:      layout_loops_ring, lemuel_crystal_altar, special_room
          [special_room_orc], lemuel_mausoleum_altar_kikubaaqudgha
D:10:     layout_stronghold, minmay_lair_entry_grove, uniq_urug, uniq_erolcha
D:11:     minmay_inside_and_out, layout_rooms, grunt_pizzeria,
          lemuel_statue_altar, uniq_maurice
D:12:     layout_loops_ring, orc_0_dummy, uniq_kirke
Temple:   nicolae_temple_figure_eight

Skill      XL: |  1  2  3  4  5  6  7  8  9 10 11 |
---------------+----------------------------------+-----
Ice Magic      | 4 5 6 7 8 10 11 12 | 12.1
Conjurations   | 2 3 4 5 7 8 10 | 10.6
Spellcasting   | 3 4 5 6 7 |  7.3
Fighting       | 1 3 5 |  5.0
Dodging        | 4 5 |  5.0
Stealth        | |  1.7

Action                   |  1- 3 |  4- 6 |  7- 9 | 10-12 || total
-------------------------+-------+-------+-------+-------++-------
Melee: Unarmed           |     9 |    18 |     5 |       ||    32
       Dagger            |       |       |    94 |       ||    94
       Staff             |       |       |     7 |    63 ||    70
 Cast: Freeze            |    24 |    45 |    38 |    41 ||   148
       Throw Frost       |    23 |    53 |    56 |     7 ||   139
       Throw Icicle      |       |     4 |    91 |   130 ||   225
Invok: Sacrifice Durabil |       |       |       |     1 ||     1
 Abil: Hop               |       |     1 |     3 |     6 ||    10
  Use: Scroll            |       |     9 |     2 |     4 ||    15
       Potion            |       |     1 |       |     1 ||     2
 Stab: Sleeping          |     1 |       |     1 |       ||     2
  Eat: Chunk             |     3 |    11 |    19 |    19 ||    52
       Ration            |       |       |     4 |     2 ||     6
Armor: Robe              |     3 |     7 |    22 |    28 ||    60
Dodge: Dodged            |    19 |    28 |   103 |   115 ||   265

Table legend:
 A = Non-vault XP
 B = Vault XP
 C = Vault XP percentage of total XP
 D = Non-vault monster count
 E = Vault monster count
 F = Vault count percentage of total count
                 A         B        C        D         E       F
            +---------+---------+-------+---------+---------+-------
      Total |    5820 |    4201 |  41.9 |     174 |      44 |  20.2
            +---------+---------+-------+---------+---------+-------
        D:1 |      46 |       0 |   0.0 |      19 |       0 |   0.0
        D:2 |     108 |       0 |   0.0 |      17 |       0 |   0.0
        D:3 |     129 |      36 |  21.8 |      21 |       1 |   4.5
        D:4 |     781 |       0 |   0.0 |      37 |       0 |   0.0
        D:5 |     250 |       0 |   0.0 |      15 |       0 |   0.0
        D:6 |    1524 |     890 |  36.9 |      13 |       7 |  35.0
        D:7 |     555 |      57 |   9.3 |      11 |       1 |   8.3
        D:8 |     700 |    1075 |  60.6 |      15 |      29 |  65.9
       D:11 |      93 |    2143 |  95.8 |       3 |       6 |  66.7
       D:12 |    1634 |       0 |   0.0 |      23 |       0 |   0.0
            +---------+---------+-------+---------+---------+-------
